Unix NetHack Version 5.0.0-0 post-release - last build May 31 2026 23:59:36 (970b52f25bf058293b47ddfd14a1e40e571c508c,branch:main).

Game began 2026-06-04 16:37:55, ended 2026-06-05 04:22:43.

Eisengrim, chaotic male elven Wizard

                        -----------------------------
                        |.fu@.%..........^.....|....|
                        ||----------------.....|....|
                        |.........|      |..........|
                        |.........|      |.....|....|
                        |.........|      |.....|0...|
                        |.........|      ---------.-|
                        |.=..<....|       |%...|....|
                        |.........|     ---....)...%|
                        |.........|     |>.....|....|
                        |.........|     ---..00|00..|
                        -----------       -----------

Eisengrim the Thaumaturge  St:14 Dx:15 Co:15 In:16 Wi:11 Ch:9  Chaotic
Dlvl:6  $:565 HP:0(53) Pw:37(82) AC:8  Xp:8 T:9969  Satiated

Latest messages:
 Unlock it with your key? [ynq] (q)
 You succeed in unlocking the door.
 The door resists!
 The door opens.
 Pick a monster, object or location.
 In what direction?
 The spell misses the owlbear.
 In what direction?
 The spell hits the owlbear!
 You kill the owlbear!
 You see here an owlbear corpse.
 In what direction?
 The spell hits the rothe!
 In what direction?
 The spell hits the rothe!
 You kill the rothe!
 There is an owlbear corpse here; eat it? [ynq] (n)
 This owlbear corpse is fatty.
 You finish eating the owlbear corpse.
 You see here a rothe corpse.
 A mysterious force prevents the white unicorn from teleporting!
 You hit the rothe.
 The rothe hits!
 The rothe bites!
 The rothe bites again!
 The rothe hits!
 The rothe bites!
 The rothe bites again!
 You see here a rothe corpse.
 In what direction?
 The spell misses the rothe.
 In what direction?
 The spell hits the rothe!
 You kill the rothe!
 Where do you want to travel to?
 (For instructions type a '?')
 A mysterious force prevents the white unicorn from teleporting!
 The white unicorn butts!
 The white unicorn kicks!
 The white unicorn butts!
 The white unicorn kicks!
 In what direction?
 The spell hits the white unicorn!
 The white unicorn resists!
 The white unicorn butts!
 The white unicorn kicks!
 The white unicorn butts!
 The white unicorn kicks!
 You die...
 Do you want your possessions identified? [ynq] (y)

Inventory:
 Coins    ('$')
  $ - 565 gold pieces
 Weapons  (')')
  G - the +1 Sting (weapon in right hand)
  a - a blessed +1 quarterstaff
 Armor    ('[')
  J - an uncursed +0 helm of brilliance (being worn)
  t - an uncursed +0 pair of jumping boots (being worn)
  b - an uncursed burnt +0 cloak of magic resistance (being worn)
 Comestibles  ('%')
  p - 4 uncursed food rations
  K - an uncursed tripe ration
 Scrolls  ('?')
  F - 2 uncursed scrolls of blank paper
  x - a blessed scroll of create monster
  P - an uncursed scroll of earth
  w - 2 uncursed scrolls of enchant weapon
  r - an uncursed scroll of light
  E - a blessed scroll of teleportation
  H - 4 uncursed scrolls of teleportation
 Potions  ('!')
  g - 2 blessed potions of healing
  f - 2 uncursed potions of levitation
  y - a blessed potion of monster detection
  M - an uncursed potion of monster detection
  V - a cursed potion of paralysis
  S - an uncursed potion of sickness
  h - 3 uncursed potions of water
 Rings    ('=')
  s - an uncursed ring of aggravate monster
  N - an uncursed ring of invisibility
  Y - an uncursed ring of polymorph
  v - an uncursed ring of protection from shape changers
 Wands    ('/')
  R - a wand of cancellation (0:5)
  Z - a wand of enlightenment (0:13)
  c - a wand of light (0:12)
  W - a wand of sleep (0:0)
  I - a wand of slow monster (0:7)
  Q - a wand of speed monster (0:6)
  A - a wand of teleportation (0:3)
 Tools    ('(')
  z - an empty uncursed sack
  n - a magic marker (0:22)
  O - a cursed magic marker (0:59)
  C - an uncursed oil lamp (lit)
  k - an uncursed skeleton key

Eisengrim the Wizard's attributes:

Background:
 You were a Thaumaturge, a level 8 male elven Wizard.
 You were chaotic, on a mission for Anhur
 who was opposed by Ptah (lawful) and Thoth (neutral).
 You were right-handed.
 You were in Sokoban, on level 6.
 You entered the dungeon 9969 turns ago.
 It was nighttime.
 You had 2339 experience points, 221 more were needed to attain level 9.

Basics:
 You had 0 out of 53 hit points.
 You had 37 out of 82 energy points (spell power).
 Your armor class was 8.
 Your wallet contained 565 zorkmids.
 Autopickup was off.

Final Characteristics:
 Your strength was 14 (limit:18).
 Your dexterity was 15 (limit:18).
 Your constitution was 15 (peak:16, limit:16).
 Your intelligence was 16 (limit:20).
 Your wisdom was 11 (limit:20).
 Your charisma was 9 (limit:18).

Final Status:
 You were satiated.
 You were unencumbered.
 You were wielding a dagger.
 You had basic skill with dagger and could have enhanced that.

Final Attributes:
 You were piously aligned.
 You were magic-protected.
 You were sleep resistant.
 You were poison resistant.
 You were telepathic.
 You were aware of the presence of orcs.
 You had infravision.
 You could jump.
 You were warded.
 You are dead (2nd time!).

Miscellaneous:
 You didn't encounter any bones levels.
 Total elapsed playing time was 2 hours, 5 minutes and 21 seconds.

Major events:
 Turn
    1: Eisengrim the chaotic male elven Wizard entered the dungeon
  626: entered the Gnomish Mines
  963: attained the rank of Conjurer (level 3)
 3292: attained the rank of Thaumaturge (level 6)
 4633: reached Mine Town
 6077: chose an elven dagger to be named "Sting"
 7970: entered Sokoban
 9107: averted death (killed by a lizard)
 9404: completed 1st Sokoban level
 9754: completed 2nd Sokoban level
 9969: killed by a white unicorn

Spells:
 Name                 Level Category     Fail Retention
 force bolt             1   attack         0%   51%-55%
 detect monsters        1   divination     0%   51%-75%
 healing                1   healing        0%  76%-100%
 detect unseen          3   divination    91%  76%-100%

Skills:
 Fighting Skills
   bare handed combat [Unskilled]
   riding             [Unskilled]
 Weapon Skills
   dagger             [Basic]
   knife              [Unskilled]
   axe                [Unskilled]
   short sword        [Unskilled]
   club               [Unskilled]
   mace               [Unskilled]
   quarterstaff       [Basic]
   polearms           [Unskilled]
   spear              [Unskilled]
   trident            [Unskilled]
   sling              [Unskilled]
   dart               [Unskilled]
   shuriken           [Unskilled]
 Spellcasting Skills
   attack spells      [Skilled]
   healing spells     [Unskilled]
   divination spells  [Unskilled]
   enchantment spells [Basic]
   clerical spells    [Unskilled]
   escape spells      [Unskilled]
   matter spells      [Unskilled]

Voluntary challenges:
 Character rerolling was not enabled.
 You never genocided any monsters.
 You never polymorphed an object.
 You never changed form.
 You used no wishes.
 You did not violate any of the special Sokoban rules.
Achievements:
 You entered a shop.
 You entered the Gnomish Mines.
 You attained the rank of Conjurer.
 You attained the rank of Thaumaturge.
 You entered Minetown.
 You entered a temple.
 You entered Sokoban.

 The Dungeons of Doom: levels 1 to 8
    Level 1:
       An altar.
    Level 2:
       An armor shop.
       Stairs down to The Gnomish Mines.
    Level 3:
       An armor shop.
    Level 4:
       Some fountains.
    Level 5:
       A fountain.
    Level 6:
    Level 7:
       Many fountains.
    Level 8:
       Stairs up to Sokoban, level 7.
 The Gnomish Mines: levels 3 to 6
    Level 3:
    Level 4:
    Level 5:
    Level 6:
       Some shops, a temple and an altar, some fountains, a sink.
 Sokoban: levels 7 up to 6
    Level 6: <- You were here.
       Solved.
       Final resting place for
          you, killed by a white unicorn.
    Level 7:
       Solved.


Vanquished creatures:
  2 small mimics
  a gelatinous cube
  a pyrolisk
  a dwarf ruler
  a chameleon
  a panther
  a leprechaun
 an ice vortex
  2 dwarf mummies
  a rust monster
 an owlbear
  a yeti
  a lizard
  a housecat
  a jaguar
  a raven
  3 apes
  2 fire ants
  a water nymph
  2 mountain nymphs
  a rock mole
  2 ponies
  2 yellow lights
  2 shriekers
  a violet fungus
  7 gnome leaders
  2 gnomish wizards
  a gray ooze
 an elf zombie
  a paper golem
  5 giant ants
  5 floating eyes
  2 kittens
  7 dwarves
  a kobold shaman
  5 rothes
  a rabid rat
  a centipede
  2 giant bats
  6 monkeys
 an orc zombie
  2 dwarf zombies
  a wererat
  8 iguanas
  8 killer bees
  4 acid blobs
  2 gas spores
  2 hobbits
  9 manes
  a large kobold
  2 hobgoblins
  3 giant rats
  4 cave spiders
  2 brown molds
  a yellow mold
  2 green molds
 38 gnomes
  a gnome zombie
  5 geckos
  6 jackals
  4 foxes
  2 kobolds
  2 goblins
  7 sewer rats
 17 grid bugs
  5 lichens
  a kobold zombie
 10 newts
231 creatures vanquished.

No species were genocided or became extinct.

Game over:
                       ----------
                      /          \
                     /    REST    \
                    /      IN      \
                   /     PEACE      \
                  /                  \
                  |    Eisengrim     |
                  |      565 Au      |
                  |   killed by a    |
                  |  white unicorn   |
                  |                  |
                  |                  |
                  |       2026       |
                 *|     *  *  *      | *
        _________)/\\_//(\/(/\)/\//\/|_)_______

Goodbye Eisengrim the Wizard...

You died in Sokoban on dungeon level 6 with 10245 points,
and 565 pieces of gold, after 9969 moves.
You were level 8 with a maximum of 53 hit points when you died.

